Nobbs, chaotic male elven Wizard -.. |..) --<. -``` .`@` #I|` -#- Nobbs the Conjurer Experience level: 5 Strength: 11 Dexterity: 15 Constitution: 14 Intelligence: 20 Wisdom: 9 Charisma: 10 Health: 0(38) Energy: 4(54) Def: 1 Gold: 199 Moves: 2812 Dungeon seed: abhK41PfDl9j0p7h Game ID: Nobbs_1509462181 Your Inventory: Coins $ - 199 gold pieces Wands b - a wand of probing (0:6) l - a wand of polymorph (0:5) R - a wand of digging (0:4) Weapons a - a blessed +1 quarterstaff (weapon in hands) G - a +0 flail Armor e - an uncursed +0 cloak of magic resistance (being worn) Comestibles t - an uncursed slime mold u - 2 uncursed lichen corpses x - 3 uncursed eggs A - a cursed tin of goblin meat F - an uncursed candy bar J - an uncursed fortune cookie Scrolls i - a blessed scroll of light k - an uncursed scroll of food detection p - 2 uncursed scrolls of identify P - an uncursed scroll of enchant weapon S - a cursed scroll of food detection U - a cursed scroll of identify V - a cursed scroll of enchant weapon Spellbooks m - an uncursed spellbook of slow monster q - an uncursed spellbook of light s - a blessed spellbook of identify Potions f - an uncursed potion of object detection g - 2 uncursed potions of oil h - an uncursed potion of paralysis L - an uncursed potion of blindness W - a cursed potion of fruit juice X - an uncursed potion of gain ability Rings c - an uncursed ring of teleport control d - an uncursed ring of fire resistance C - an uncursed ring of invisibility O - a cursed ring of aggravate monster T - a cursed ring of hunger Y - an uncursed ring of polymorph Z - an uncursed ring of cold resistance Tools n - a magic marker (0:21) o - an uncursed tooled horn B - an uncursed blindfold E - an uncursed wooden harp M - an uncursed wax candle (0:400) Q - an uncursed tin whistle Gems r - 2 uncursed obsidian stones y - 2 uncursed worthless pieces of violet glass Spells and supernatural/magical abilities: Name Level Category Fail Memory a - force bolt 1 attack 0% 86% j - jumping 1 escape 0% 93% l - light 1 divination 0% 87% s - slow monster 2 enchantment 0% 86% z - sleep 1 enchantment 0% 93% I - identify 3 divination 71% 87% W - pray for help -- divine ? -- Your skills at the end: Fighting Skills Weapon Skills quarterstaff [Basic] Spellcasting Skills attack spells [Basic] enchantment spells [Basic] Final Attributes: You were piously aligned. You were sleep resistant. You were poison resistant. You were magic-protected. You had infravision. You are dead. Vanquished creatures: a gnome king a dog 2 gnome lords a golden naga hatchling a guardian naga hatchling an elf zombie 5 dwarves an acid blob a coyote 8 giant rats a cave spider a brown mold a yellow mold 11 gnomes 4 garter snakes a gnome zombie a gecko 3 jackals a fox a kobold 3 goblins 6 grid bugs 4 bats 5 lichens 5 newts 70 creatures vanquished. Voluntary challenges: You were an atheist. You used a wielded weapon 30 times, starting on turn 22. You read items or engraved 43 times, starting on turn 31. You never genocided any monsters. You never polymorphed an object. You never changed form. You used no wishes. You never split a pudding. You wrote Elbereth's name 21 times, starting on turn 2365. You never violated your personal moral code. Dungeon overview: The Dungeons of Doom: levels 1 to 5 Level 1 some fountains a long staircase Level 2 Level 3 a general store Level 4 some fountains stairs to The Gnomish Mines Level 5 The Gnomish Mines: levels 5 to 6 Level 5 stairs to The Dungeons of Doom Level 6 <- You were here History has recorded: On T:1 you entered the Dungeons of Doom to retrieve the Amulet of Yendor! On T:25 you reached level 2 of The Dungeons of Doom. On T:719 you reached level 3 of The Dungeons of Doom. On T:722 you advanced to experience level 2. On T:890 you reached level 4 of The Dungeons of Doom. On T:1485 you advanced to experience level 3. On T:1527 you reached level 1 of The Gnomish Mines. On T:1654 you reached level 5 of The Dungeons of Doom. On T:1865 you advanced to experience level 4. On T:1977 you advanced to experience level 5. On T:2361 you reached level 2 of The Gnomish Mines. Score breakdown: Gold: 199 ( 7827 points) Experience: 5 levels (11141 points) Exploration: 6 levels ( 12.77%) ( 9890 points) Discoveries: 7 items ( 2.53%) ( 4769 points) Valuables value: (no points given unless you survive) Artifact value: 0 ( 0 points) Variety of kills: 25 monsters ( 6.56%) ( 7684 points) Turncount: 2812 turns ( -504 points) Survival: died (score multiplied by 80%) Total score: 32645 Latest messages: It hits! (2x) You add to the writing in the dust with your fingers. You add to the writing in the dust with your fingers. You add to the writing in the dust with your fingers. You add to the writing in the dust with your fingers. As you read the scroll, it disappears. The ceiling rumbles above you! You are hit by a boulder! You die... Final status: Goodbye Nobbs the Wizard, killed by a scroll of earth... You died in The Gnomish Mines on dungeon level 6 with 32645 points, and 199 pieces of gold, after 2812 moves. You were level 5 with a maximum of 38 hit points when you died.